 Dungeon Crawl Stone Soup version 0.30-a0-722-g3e6e8c874d (webtiles) character file.

Game seed: 16176449163976677695

46 theblackgale the Digger (level 3, -2/24 HPs)
             Began as a Formicid Earth Elementalist on Jan 27, 2023.
             Slain by an iguana (14 damage)
             ... on level 5 of the Dungeon.
             The game lasted 00:05:22 (318 turns).

theblackgale the Digger (FoEE)                       Turns: 318, Time: 00:05:22

Health: -2/24      AC:  1    Str: 12    XL:     3   Next: 92%
Magic:  3/6        EV: 12    Int: 16    God:
Gold:   29         SH:  0    Dex: 14    Spells: 6/7 levels left

rFire   . . .      SeeInvis +    h - +0 whip (freeze)
rCold   . . .      Faith    .    (no shield)
rNeg    . . .      Spirit   .    (no body armour)
rPois   .          Reflect  .    (helmet unavailable)
rElec   .          Harm     .    g - +0 cloak
rCorr   .          Rampage  .    (no gloves)
Will    .....                    (no boots)
Stlth   ++                       (no amulet)
HPRegen 0.24/turn                (no ring)
MPRegen 0.10/turn                (no ring)

@: no status effects
A: permanent stasis, dig shafts and tunnels, antennae 3, four strong arms
a: Dig, Shaft Self


You were on level 5 of the Dungeon.
You visited 1 branch of the dungeon, and saw 5 of its levels.

You collected 29 gold pieces.

Inventory:

Hand Weapons
 h - a +0 whip of freezing (weapon)
Armour
 a - a +0 robe
 g - a +0 cloak (worn)
Scrolls
 c - a scroll of brand weapon
Potions
 b - a potion of magic
 d - 3 potions of curing {unknown}
 e - a potion of heal wounds {unknown}


   Skills:
 + Level 2.0 Dodging
 + Level 2.4 Stealth
 + Level 0.5 Unarmed Combat
 + Level 2.5 Spellcasting
 + Level 1.1 Transmutations
 + Level 4.9 Earth Magic


You had 6 spell levels left.
You knew the following spells:

 Your Spells              Type           Power      Damage    Failure   Level
a - Sandblast             Erth           34%        2d9       2%          1

Your spell library contained the following spells:

 Spells                   Type           Power      Damage    Failure   Level
 Passwall                 Tmut/Erth      9%         N/A       9%          2
 Stone Arrow              Conj/Erth      18%        3d8       22%         3
 Petrify                  Tmut/Erth      11%        N/A       50%         4


Dungeon Overview and Level Annotations

Branches:
Dungeon (5/15)
 Temple: D:4-7

Altars:


Innate Abilities, Weirdness & Mutations

You cannot be hasted, slowed, berserked, paralysed or teleported.
You can dig through walls and to a lower floor.
You have a pair of large antennae on your head. (SInv)
Your four strong arms can wield two-handed weapons with a shield.


Message History

Confirm with . or Enter, or press ? or * to list all spells.
Aiming: Sandblast (safe; 3% risk of failure)
Press: ? - help, Shift-Dir - straight line, f - iguana
Aim: an iguana (almost dead, 84% to hit)
The blast of sand hits the iguana!
You kill the iguana!
You see here an iguana corpse.
You open the door.
There is an open door here.
You feel your willpower return.
You open the door.
There is an open door here.
You open the door.
An iguana comes into view.
There is an open door here.
Casting: Sandblast (safe; 2% risk of failure)
Confirm with . or Enter, or press ? or * to list all spells.
You can't see any susceptible monsters within range! (Use Z to cast anyway.)
Casting: Sandblast (safe; 2% risk of failure)
Confirm with . or Enter, or press ? or * to list all spells.
Aiming: Sandblast (safe; 2% risk of failure)
Press: ? - help, Shift-Dir - straight line, f - iguana
Aim: an iguana (asleep, 100% to hit)
The blast of sand hits the iguana.
The iguana is moderately wounded.
Casting: Sandblast (safe; 2% risk of failure)
Confirm with . or Enter, or press ? or * to list all spells.
Aiming: Sandblast (safe; 2% risk of failure)
Press: ? - help, Shift-Dir - straight line, f/p - iguana
Aim: an iguana (lightly wounded, 84% to hit)
The blast of sand hits the iguana but does no damage.
The iguana is lightly wounded.
The iguana bites you!
Ouch! That really hurt!
The iguana attacks as you move away! The iguana closely misses you.
There is an open door here.
There is an open door here.
The iguana attacks as you move away! The iguana bites you!
Ouch! That really hurt!
You die...

.. #.....# .. #.....# ...
#.....# ... #.....# .... #+##
#+#########.....##
....##..###.#......####..<.#
........#...'......#..#....#
........'...#......#..#....# .#
........##..#..l@..'..#....#...#
........#####......#....†......#
.........# #......##..........#
....###+## #####....########..#
.... #....# ..# .... #....# .#
.... #....# + #....# ###


You could see an iguana.

Vanquished Creatures
  An iguana (D:5)
  A dart slug (D:3)
  5 orcs
  A ball python (D:1)
  A bat (D:2)
  A hobgoblin (D:2)
  A quokka (D:2)
  A goblin (D:1)
  A kobold (D:1)
13 creatures vanquished.

Vanquished Creatures (others)
  9 plants (D:2)
9 creatures vanquished.

Grand Total: 22 creatures vanquished

Notes
Turn   | Place    | Note
-------+----------+-------------------------------------------
     0 | D:1      | theblackgale the Formicid Earth Elementalist began the
                  | quest for the Orb.
     0 | D:1      | Reached XP level 1. HP: 13/13 MP: 3/3
    69 | D:2      | Reached skill level 4 in Earth Magic
   121 | D:2      | Reached XP level 2. HP: 11/19 MP: 0/5
   164 | D:3      | Found the +5 robe of Misfortune {Harm *Corrode *Slow EV+5}
   241 | D:4      | Reached XP level 3. HP: 21/24 MP: 0/6
   274 | D:5      | Entered Level 5 of the Dungeon
   318 | D:5      | Slain by an iguana

Illustrated notes

Levels and vault maps discovered:
D:1:      nicolae_arrival_washed_ashore, layout_basic, lexackson_kobold_supper
D:2:      layout_basic, hangedman_feature_mirror, nicolae_grassy_gnolls
D:3:      layout_basic, lemuel_doored_altar, serial_shops,
          nicolae_shop_bloodbath_and_beyond
D:4:      layout_basic
D:5:      layout_gridville, minmay_temple_entry_proselytizer

Skill      XL: |  1  2 |
---------------+-------+-----
Earth Magic    | 4 |  4.9
Dodging        | 2 |  2.0
Stealth        | |  2.4
Unarmed Combat | |  0.5
Spellcasting   | |  2.5
Transmutations | |  1.1

Action                     || total
---------------------------++-------
  Melee: Unarmed           ||    17
   Cast: Sandblast         ||    24
    Use: Scroll            ||     2
 Armour: Robe              ||     1
  Dodge: Dodged            ||    25

Table legend: (Time is in decaauts)
 A = Elapsed time spent in this place.
 B = Non-inter-level travel time spent in this place.
 C = Inter-level travel time spent in this place.
 D = Time resting spent in this place.
 E = Time spent auto-exploring this place.
 F = Levels seen in this place.
 G = Mean time per level.
                   A        B        C        D        E       F      G
               +--------+--------+--------+--------+--------+-----+--------+
         Total |    328 |    153 |    175 |      0 |      0 |   5 |   65.6 |
       Dungeon |    328 |    153 |    175 |      0 |      0 |   5 |   65.6 |
               +--------+--------+--------+--------+--------+-----+--------+

Top non-repeatable levels by time:
     D:2: 103 daAuts
     D:3: 71 daAuts
     D:1: 63 daAuts
     D:5: 46 daAuts
     D:4: 44 daAuts
